 Dungeon Crawl Stone Soup version 0.24-a0-274-gb3763e6 (console) character file.

Game seed: 10621401394842076567

45 bli the Insei (level 3, -7/23 HPs)
             Began as an Octopode Transmuter on Apr 26, 2019.
             Mangled by Sigmund
             ... wielding a +0 scythe
              (15 damage)
             ... on level 3 of the Dungeon.
             The game lasted 00:04:26 (1308 turns).

bli the Insei (Octopode Transmuter)                 Turns: 1308, Time: 00:04:27

Health: -7/23      AC:  1    Str:  9    XL:     3   Next: 64%
Magic:  5/6        EV: 13    Int: 15    God:
Gold:   86         SH:  0    Dex: 13    Spells: 5/6 levels left

rFire    . . .     SeeInvis .     - Unarmed
rCold    . . .     Gourm    .   (no shield)
rNeg     . . .     Faith    .   (helmet restricted)
rPois    .         Spirit   .   (no amulet)
rElec    .         Reflect  .   (no ring)
rCorr    .         Harm     .   (no ring)
MR       .....                  (no ring)
Stlth    ++........             (no ring)
HPRegen  0.07/turn              (no ring)
MPRegen  0.10/turn              (no ring)
                                (no ring)
                                (no ring)

@: appendage (expiring)
A: almost no armour, stealthy swim, amphibious, 8 rings, constrict 8, tentacle
spike 3, camouflage 1, gelatinous body 1
a: End Transformation


You were on level 3 of the Dungeon.
You were hungry.
One of your tentacles had a temporary spike.
You visited 1 branch of the dungeon, and saw 3 of its levels.

You collected 86 gold pieces.

Inventory:

Missiles
 a - 12 arrows
 b - 59 stones (quivered)
Wands
 k - a wand of digging (2)
Scrolls
 d - a scroll of fog {unknown}
 f - a scroll of noise {unknown}
 i - 2 scrolls of identify {unknown}
Potions
 e - a potion of lignification {unknown}
 h - a potion of invisibility {unknown}
 j - 2 potions of cancellation {unknown}
Comestibles
 c - 3 rations
 g - 3 chunks of flesh


   Skills:
 + Level 1.0 Fighting
 + Level 2.1 Dodging
 + Level 0.6 Stealth
 * Level 4.1 Unarmed Combat
 - Level 2.0 Spellcasting
 + Level 2.4 Transmutations


You had 5 spell levels left.
You knew the following spells:

 Your Spells              Type           Power        Failure   Level  Hunger
a - Beastly Appendage     Tmut           #.....       9%          1    #......

Your spell library contained the following spells:

 Spells                   Type           Power        Failure   Level  Hunger
 Sticks to Snakes         Tmut           #.......     12%         2    ###....
 Spider Form              Tmut/Pois      #.........   38%         3    ###....
 Ice Form                 Ice/Tmut       #.......     80%         4    #####..
 Blade Hands              Tmut           #.........   92%         5    ######.


Dungeon Overview and Level Annotations

Branches:
Dungeon (3/15)

Altars:

Annotations:
D:3 Sigmund


Innate Abilities, Weirdness & Mutations

You cannot wear most types of armour.
You are very stealthy in the water. (Stealth+)
You are amphibious.
You can wear up to eight rings at the same time.
You can use your tentacles to constrict eight enemies at once.
Your skin changes colour to match your surroundings (Stealth+).
Your rubbery body absorbs attacks. (AC +1, EV +1)
One of your tentacles bears a large vicious spike.


Message History

Sigmund is heavily wounded.
You constrict Sigmund. You tentacle-slap Sigmund.
You pierce Sigmund.
Sigmund is severely wounded.
You constrict Sigmund.
Sigmund laughs darkly.
Sigmund gestures at you while chanting. The puff of flame hits you!
You tentacle-slap Sigmund but do no damage.
Sigmund is severely wounded.
You constrict Sigmund.
Sigmund mumbles some strange words.
Sigmund flickers and vanishes!
Deactivating autopickup; reactivate with Ctrl-A.
You tentacle-slap something but do no damage.
You pierce something.
Your transformation is almost over.
You constrict something. Something hits you!
Ouch! That really hurt!
You die...

. . .# #.##.# ###
####......
....####........
.................
#........# [#...
.......<.##...<..
.........@{......
..........#......
.................
.........##......
.......... ...##.
#.###.#... ... ..
....... ..#
##.... .#


There were no monsters in sight!

Vanquished Creatures
  An adder (D:2)
  A dart slug (D:1)
  A leopard gecko (D:1)
  3 giant cockroaches
  4 goblins
  5 hobgoblins
  2 jackals (D:2)
  6 bats
  A frilled lizard (D:3)
  3 kobolds
  3 rats (D:1)
30 creatures vanquished.

Notes
Turn   | Place    | Note
-------+----------+-------------------------------------------
     0 | D:1      | bli the Octopode Transmuter began the quest for the Orb.
     0 | D:1      | Reached XP level 1. HP: 13/13 MP: 3/3
   185 | D:1      | Reached XP level 2. HP: 12/18 MP: 3/5
   722 | D:1      | Reached skill level 4 in Unarmed Combat
   722 | D:1      | Reached XP level 3. HP: 16/23 MP: 6/6
  1259 | D:3      | Noticed Sigmund
  1308 | D:3      | Mangled by Sigmund

Levels and vault maps discovered:
D:1:      eino_arrival_tree_alley, layout_rooms
D:2:      layout_rooms
D:3:      layout_rooms, uniq_sigmund

Skill      XL: |  1  2 |
---------------+-------+-----
Unarmed Combat | 4 |  4.1
Fighting       | |  1.0
Dodging        | |  2.1
Stealth        | |  0.6
Spellcasting   | |  2.0
Transmutations | |  2.4

Action                   || total
-------------------------++-------
Melee: Unarmed           ||    77
       Constrict         ||    16
       Kick              ||    13
       Tentacles         ||     7
 Cast: Beastly Appendage ||    15
 Stab: Sleeping          ||     6
  Eat: Chunk             ||     1
Armor: Skin              ||    12
Dodge: Dodged            ||    50

Table legend:
 A = Non-vault XP
 B = Vault XP
 C = Vault XP percentage of total XP
 D = Non-vault monster count
 E = Vault monster count
 F = Vault count percentage of total count
                 A         B        C        D         E       F
            +---------+---------+-------+---------+---------+-------
      Total |      65 |       0 |   0.0 |      30 |       0 |   0.0
            +---------+---------+-------+---------+---------+-------
        D:1 |      37 |       0 |   0.0 |      21 |       0 |   0.0
        D:2 |      25 |       0 |   0.0 |       7 |       0 |   0.0
        D:3 |       3 |       0 |   0.0 |       2 |       0 |   0.0
            +---------+---------+-------+---------+---------+-------
